 Dungeon Crawl Stone Soup version 0.31-a0-1005-gfbdfbacc72 (webtiles) character file.

Game seed: 10370717756368506333

2359 kae the Vexing (level 9, 0/56 (57) HPs)
             Began as a Demonspawn Enchanter on Nov 10, 2023.
             Slain by a wight
             ... wielding a +4 halberd of freezing
              (8 damage)
             ... on level 7 of the Dungeon.
             The game lasted 00:05:55 (6114 turns).

kae the Vexing (Demonspawn Enchanter)               Turns: 6114, Time: 00:05:56

HP:   0/56 (57)     AC: 13    Str: 12    XL:     9   Next: 20%
MP:   12/15         EV:  9    Int: 19    God:
Gold: 480           SH:  0    Dex: 18    Spells: 3/16 levels left

rFire   . . .        d - +2 dagger (venom)
rCold   . . .        (no shield)
rNeg    . . .        o - +0 scale mail "Tokiq" {Dex+4}
rPois   .            (helmet restricted)
rElec   .            r - +1 cloak
rCorr   .            (no gloves)
SInv    .            (no boots)
Will    .....        (no amulet)
Stlth   ++           Y - +4 ring of slaying
HPRegen 0.29/turn    O - +4 ring of protection
MPRegen 0.14/turn

%: no passive effects
@: lightly drained
A: horns 1, ignite blood 1, big brain 1
a: no special abilities


You were on level 7 of the Dungeon.
You visited 2 branches of the dungeon, and saw 8 of its levels.

You collected 480 gold pieces.


Innate Abilities, Weirdness & Mutations

You have a pair of small horns on your head.
Your demonic aura sometimes causes spilled blood to erupt in flames.
You have an unusually large brain. (Int +2)


   Skills:
 * Level 5.6 Short Blades
 * Level 4.3 Armour
 - Level 1.7 Dodging
 + Level 5.1 Stealth
 + Level 4.3 Spellcasting
 * Level 6.8 Hexes
 + Level 3.0 Ice Magic


You had 3 spell levels left.
You knew the following spells:

 Your Spells              Type           Power      Damage    Failure   Level
a - Ensorcelled Hibernat  Hex/Ice        44%        N/A       12%         2
b - Confusing Touch       Hex            30%        N/A       11%         3
c - Tukima's Dance        Hex            30%        N/A       11%         3
d - Jinxbite              Hex            60%        N/A       5%          2
e - Dazzling Flash        Conj/Hex       34%        N/A       41%         3

Your spell library contained the following spells:

 Spells                   Type           Power      Damage    Failure   Level
 Apportation              Tloc           8%         N/A       54%         1
 Alistair's Intoxication  Tmut/Pois      2%         N/A       100%        5

Inventory:

Hand Weapons
 a - a +1 dagger
 d - a +2 dagger of venom (weapon)
   (You took it off a goblin on level 1 of the Dungeon)
Missiles
 f - 95 stones
 j - 2 boomerangs
 n - 17 poisoned darts
 B - a throwing net {=f!f}
Armour
 b - a +0 robe
 o - the +0 scale mail "Tokiq" (worn) {Dex+4}
   (You found it on level 3 of the Dungeon)

   Dex+4:     It affects your dexterity (+4).
 r - a +1 cloak (worn)
   (You took it off Crazy Yiuf on level 3 of the Dungeon)
 x - the +1 leather armour of Music {Regen+ Int+4 Dex+4}
   (You found it on level 5 of the Dungeon)

   Int+4:     It affects your intelligence (+4).
   Dex+4:     It affects your dexterity (+4).
   Regen+:    It increases your rate of health regeneration.
Jewellery
 O - a +4 ring of protection (right hand)
   (You found it on level 4 of the Dungeon)
 Y - a +4 ring of slaying (left hand)
   (You took it off a goblin on level 2 of the Dungeon)
Wands
 k - a wand of flame (61)
   (You found it on level 2 of the Dungeon)
 v - a wand of polymorph (9)
   (You found it on level 7 of the Dungeon)
Scrolls
 g - a scroll of poison {!r}
 i - 2 scrolls of teleportation {@r4}
 m - 2 scrolls of noise {!r}
 q - 2 scrolls of fog
 t - a scroll of vulnerability {!r!r}
 u - a scroll of revelation
 w - a scroll of identify {@r1}
Potions
 c - 2 potions of invisibility
 e - 3 potions of curing {@q1}
 h - 3 potions of mutation {!q}
 l - 3 potions of lignification {unknown}
 p - 3 potions of heal wounds {unknown}
 s - a potion of resistance
 z - a potion of attraction {!q}
 A - a potion of enlightenment

Dungeon Overview and Level Annotations

Branches:
Dungeon (7/15) Zot: 26519  Temple (1/1) D:6 Zot: 5998

Altars:
Cheibriados
Gozag
Hepliaklqana
Makhleb
Ru
Sif Muna
Vehumet
Wu Jian
Xom

Shops:
D:4

=
......#.##.......!..........##.#.
z................##..........# #.
...............####..........# .
.......###.....#)##....).)..># ##
............................####)
............#...<).....#.......).
.<......... #.....#...##......###
...........##...z.#...###...#.# #
..... ..........@...........###
... ..................##..#
...............####..###
.......................##
................###.....#
........###..#.#####..###
.......## #.######....#
.....####..##.#....##
......#...###......##


You could see a wight (confused).


Message History

MASSIVE DAMAGE!! (PAUSE)
The wight barely misses you. The wight hits you but does no damage.
You hit the wight. 😮 HP[+1] MP[+1]
You hit the wight.
You destroy the wight!
The wight hits you with a +0 halberd.
Your life force feels restored. 😮 HP[-2]
You now have 57 max hp (+1).
You take 2 damage, and now have 40/57 hp.
Unknown command.
Casting: Confusing Touch (dangerous; 12% risk of failure)
Confirm with . or Enter, or press ? or * to list all spells.
Your hands begin to glow red.
The wight hits you with a +0 halberd.
You feel drained.
The wight barely misses you. 😮 HP[-2] MP[-3]
You now have 56 max hp (-1).
You take 2 damage, and now have 38/56 hp.
You lost 3 mp, and now have 10/15 mp.
You closely miss the wight.
You headbutt the wight, but do no damage.
The wight hits you with a +0 halberd! 😮 HP[-8]
You take 8 damage, and now have 30/56 hp.
You hit the wight but do no damage.
The wight appears confused.
You headbutt the wight, but do no damage.
The wight hits you but does no damage.
The wight hits itself with a +0 halberd.
You are too injured to fight recklessly!
You are too injured to fight recklessly!
You hit the wight. You headbutt the wight.
Unknown command.
You hit the wight but do no damage. You hit the wight. 😮 HP[+1] 😮 MP[+1]
You hit the wight.
You destroy the wight!
Your life force feels restored.
Your Ice Magic skill increases to level 3!
You now have 57 max hp (+1).
Things that are here:
a +0 halberd; a +0 robe You start resting. 😮 HP[+2] MP[+1]
You regained 2 hp, and now have 33/57 hp.
A wight is nearby!
A wight is nearby!
A wight is nearby!
A wight is nearby! 😮 HP[+3] MP[+1]
You regained 3 hp, and now have 36/57 hp.
You are too injured to fight recklessly!
You are too injured to fight recklessly! 😮 HP[+1]
Casting: Confusing Touch (dangerous; 11% risk of failure)
Confirm with . or Enter, or press ? or * to list all spells.
Your hands begin to glow red.
The wight hits you from afar with a +4 halberd of freezing.
You feel drained. The wight freezes you. 😮 HP[-8] MP[-2]
You now have 56 max hp (-1).
You take 8 damage, and now have 29/56 hp.
You lost 2 mp, and now have 11/15 mp.
The wight hits you with a +4 halberd of freezing!
* * * LOW HITPOINT WARNING * * *
The wight freezes you.
* * * LOW HITPOINT WARNING * * *
😨 HP[-12]
You take 12 damage, and now have 17/56 hp.
MASSIVE DAMAGE!! (PAUSE)
You completely miss the wight. Your punch misses the wight. 😨 HP[+1]
You hit the wight but do no damage.
The wight appears confused.
You headbutt the wight.
Unknown command.
The wight hits you but does no damage.
You barely miss the wight. 😨 HP[+1] Unknown command. 😨 MP[+1]
The wight hits you with a +4 halberd of freezing!
* * * LOW HITPOINT WARNING * * *
The wight freezes you.
* * * LOW HITPOINT WARNING * * *
😱 HP[-12]
You take 12 damage, and now have 7/56 hp.
MASSIVE DAMAGE!! (PAUSE)
You puncture the wight! You hit the wight but do no damage.
You headbutt the wight, but do no damage. 😱 HP[+1] Unknown command.
You hit the wight but do no damage.
Unknown command.
The wight hits you with a +4 halberd of freezing!
You die...

Skill      XL: |  1  2  3  4  5  6  7  8  9 |
---------------+----------------------------+-----
Short Blades   | 1 2 3 4 5 |  5.6
Stealth        | 3 4 5 |  5.1
Hexes          | 4 5 6 |  6.8
Spellcasting   | 3 4 |  4.3
Armour         | 1 2 4 |  4.3
Ice Magic      | 1 2 3 |  3.0
Dodging        | |  1.7

Action                     |  1- 3 |  4- 6 |  7- 9 || total
---------------------------+-------+-------+-------++-------
  Melee: Dagger            |    86 |   112 |   198 ||   396
         Punch             |     1 |       |     2 ||     3
         Headbutt          |     7 |    17 |    59 ||    83
   Cast: Confusing Touch   |       |     1 |     8 ||     9
         Ensorcelled Hiber |       |       |     5 ||     5
    Use: Scroll            |       |     8 |     9 ||    17
   Stab: Sleeping          |     9 |     2 |     2 ||    13
         Distracted        |       |     1 |       ||     1
         Confused          |       |       |     4 ||     4
 Armour: Robe              |    34 |    20 |       ||    54
         Scale mail        |       |    56 |   159 ||   215
  Dodge: Dodged            |    31 |    47 |    95 ||   173

Levels and vault maps discovered:
D:1:      wander_arrival_peaceful_grave, layout_basic,
          dreamdust_ecumenical_altar_statues
D:2:      layout_basic, minmay_lizard_pond, uniq_robin
D:3:      minmay_general_purpose_star, layout_loops_ring,
          grunt_gozag_breadcrumbs, uniq_crazy_yiuf_cottage, uniq_natasha,
          uniq_jessica
D:4:      layout_basic, serial_shops, nicolae_shop_tiny_waterfront
D:5:      layout_cave_pools, nrook_pool_corridor, chequers_serial_rivers_room_a,
          minmay_misc_feat_x, nicolae_half_adder
D:6:      layout_basic, minmay_temple_entry_large_hall, uniq_prince_ribbit1
D:7:      layout_cave_pools
Temple:   jpeg_temple_alley_garden

Notes
Turn   | Place    | Note
-------+----------+-------------------------------------------
     0 | D:1      | kae the Demonspawn Enchanter began the quest for the Orb.
     0 | D:1      | Reached XP level 1. HP: 13/13 MP: 3/3
     0 | D:1      | magus.rc [v1.11.3]
    12 | D:1      | Reached skill level 1 in Short Blades
   104 | D:1      | Found a faded altar of an unknown god.
   112 | D:1      | Gained mutation: Your demonic aura sometimes causes spilled
                  | blood to erupt in flames. [demonic ancestry]
   112 | D:1      | Reached XP level 2. HP: 18/19 MP: 5/5
   521 | D:1      | Gained mutation: You have a pair of small horns on your
                  | head. [demonic ancestry]
   521 | D:1      | Reached XP level 3. HP: 21/24 MP: 6/6
   578 | D:1      | Learned a level 3 spell: Confusing Touch
   584 | D:1      | Learned a level 3 spell: Tukima's Dance
   875 | D:2      | Reached skill level 3 in Stealth
   997 | D:2      | Reached skill level 2 in Short Blades
  1302 | D:2      | Noticed Robin
  1392 | D:2      | Reached XP level 4. HP: 30/30 MP: 7/7
  1474 | D:2      | Killed Robin
  1834 | D:3      | Found an opulent altar of Gozag.
  1883 | D:3      | Reached skill level 4 in Hexes
  2003 | D:3      | Noticed Natasha
  2011 | D:3      | Killed Natasha
  2012 | D:3      | Reached XP level 5. HP: 25/35 MP: 7/9
  2073 | D:3      | Identified the +0 scale mail "Tokiq" {Dex+4}
  2075 | D:3      | Noticed Jessica
  2152 | D:3      | Killed Jessica
  2161 | D:3      | You pick up a book of Party Tricks and begin reading...
  2161 | D:3      | You add the spells Apportation, Jinxbite and Alistair's
                  | Intoxication to your library.
  2302 | D:3      | Reached skill level 3 in Short Blades
  2528 | D:3      | Found a runed translucent door.
  2529 | D:3      | Noticed Crazy Yiuf
  2530 | D:3      | Identified the +1 hammer of the Lumpy Shrikes {heavy,
                  | Fragile rC+ Int+8 Dex+2}
  2748 | D:3      | Noticed Natasha
  2755 | D:3      | Killed Natasha
  2824 | D:3      | Learned a level 2 spell: Ensorcelled Hibernation
  2992 | D:3      | Killed Crazy Yiuf
  2993 | D:3      | Reached XP level 6. HP: 21/41 MP: 4/10
  3126 | D:4      | Found Vyhag's Jewellery Shoppe.
  3175 | D:4      | Learned a level 2 spell: Jinxbite
  3208 | D:4      | Reached skill level 3 in Spellcasting
  3549 | D:4      | Identified the +4 robe of Hubris {rElec rN+ Dex-2}
  3802 | D:5      | Entered Level 5 of the Dungeon
  3811 | D:5      | Reached skill level 1 in Armour
  3849 | D:5      | Reached skill level 5 in Hexes
  3849 | D:5      | Gained mutation: You have an unusually large brain. (Int
                  | +2) [demonic ancestry]
  3849 | D:5      | Reached XP level 7. HP: 29/46 MP: 11/11
  3894 | D:5      | Reached skill level 1 in Ice Magic
  3938 | D:5      | Reached skill level 4 in Stealth
  3992 | D:5      | Identified the +1 leather armour of Music {Regen+ Int+4
                  | Dex+4}
  4110 | D:5      | Reached skill level 4 in Short Blades
  4151 | D:5      | Reached skill level 2 in Armour
  4218 | D:5      | HP: 11/46 [ice beast (2)]
  4218 | D:5      | HP: 5/46 [ice beast (6)]
  4416 | D:5      | Reached XP level 8. HP: 32/52 MP: 13/13
  4600 | D:5      | Reached skill level 2 in Ice Magic
  4620 | D:5      | Reached skill level 3 in Armour
  4889 | D:5      | Reached skill level 6 in Hexes
  5237 | D:6      | Noticed Prince Ribbit
  5257 | D:6      | Killed Prince Ribbit
  5258 | D:6      | Reached skill level 5 in Short Blades
  5406 | D:6      | Reached skill level 4 in Spellcasting
  5419 | D:6      | Found a staircase to the Ecumenical Temple.
  5428 | Temple   | Entered the Ecumenical Temple
  5626 | D:7      | Learned a level 3 spell: Dazzling Flash
  5872 | D:7      | Reached skill level 4 in Armour
  5940 | D:7      | Reached skill level 5 in Stealth
  5940 | D:7      | Reached XP level 9. HP: 37/53 MP: 12/15
  6082 | D:7      | Reached skill level 3 in Ice Magic
  6110 | D:7      | HP: 9/56 [wight/+4 halberd of freezing (10)]
  6114 | D:7      | Slain by a wight

Vanquished Creatures
  Prince Ribbit (D:6)
  A steam dragon (D:7)
  2 black bears
  An ogre (D:5)
  An ice beast (D:5)
  3 centaurs
  A phantom (D:5)
  8 wights (D:7)
  4 killer bees (D:5)
  3 orc priests
  4 hounds
  A jelly (D:6)
  Crazy Yiuf (D:3)
  A sleepcap (D:5)
  Jessica (D:3)
  An iguana (D:6)
  An orc wizard (D:6)
  Natasha (twice) (D:3)
  Robin (D:2)
  A gnoll (D:3)
  17 adders
  2 shadow imps
  A white imp (D:6)
  2 ufetubi (D:5)
  2 dart slugs (D:1)
  17 orcs
  3 ball pythons
  6 endoplasms
  5 giant cockroaches
  8 hobgoblins
  2 jackals (D:1)
  11 kobolds
  4 quokkas
  7 bats
  6 frilled lizards
  15 goblins
  9 rats
156 creatures vanquished.

Table legend:
 A = Non-vault XP
 B = Vault XP
 C = Vault XP percentage of total XP
 D = Non-vault monster count
 E = Vault monster count
 F = Vault count percentage of total count
                 A         B        C        D         E       F
            +---------+---------+-------+---------+---------+-------
      Total |    2846 |     525 |  15.6 |     131 |      25 |  16.0
            +---------+---------+-------+---------+---------+-------
        D:1 |      53 |       0 |   0.0 |      31 |       0 |   0.0
        D:2 |      37 |      35 |  48.6 |      16 |      13 |  44.8
        D:3 |     140 |     138 |  49.6 |      21 |       5 |  19.2
        D:4 |     168 |       0 |   0.0 |      11 |       0 |   0.0
        D:5 |    1285 |      78 |   5.7 |      29 |       6 |  17.1
        D:6 |     251 |     274 |  52.2 |      13 |       1 |   7.1
        D:7 |     912 |       0 |   0.0 |      10 |       0 |   0.0
            +---------+---------+-------+---------+---------+-------

Skill      XL: |  1  2  3  4  5  6  7  8  9 |
---------------+----------------------------+-----
Short Blades   | 1 2 3 4 5 |  5.6
Stealth        | 3 4 5 |  5.1
Hexes          | 4 5 6 |  6.8
Spellcasting   | 3 4 |  4.3
Armour         | 1 2 4 |  4.3
Ice Magic      | 1 2 3 |  3.0
Dodging        | |  1.7

Action                     |  1- 3 |  4- 6 |  7- 9 || total
---------------------------+-------+-------+-------++-------
  Melee: Dagger            |    86 |   112 |   198 ||   396
         Punch             |     1 |       |     2 ||     3
         Headbutt          |     7 |    17 |    59 ||    83
   Cast: Confusing Touch   |       |     1 |     8 ||     9
         Ensorcelled Hiber |       |       |     5 ||     5
    Use: Scroll            |       |     8 |     9 ||    17
   Stab: Sleeping          |     9 |     2 |     2 ||    13
         Distracted        |       |     1 |       ||     1
         Confused          |       |       |     4 ||     4
 Armour: Robe              |    34 |    20 |       ||    54
         Scale mail        |       |    56 |   159 ||   215
  Dodge: Dodged            |    31 |    47 |    95 ||   173

Illustrated notes

Table legend:
 A = Kills in this place as a percentage of kills in the entire game.
 B = Kills by you in this place as a percentage of kills by you in the entire game.
 C = Kills by friends in this place as a percentage of kills by friends in the entire game.
 D = Other kills in this place as a percentage of other kills in the entire game.
 E = Experience gained in this place as a percentage of experience gained in the entire game.
 F = Experience gained in this place divided by the number of levels of this place that you have seen.
                   A       B       C       D       E      F
               +-------+-------+-------+-------+-------+----------------------
         Total | 100.0 | 100.0 |   N/A | 100.0 | 100.0 | 421.4
       Dungeon | 100.0 | 100.0 |   N/A | 100.0 | 100.0 | 481.6
               +-------+-------+-------+-------+-------+----------------------

Table legend: (Time is in decaauts)
 A = Elapsed time spent in this place.
 B = Non-inter-level travel time spent in this place.
 C = Inter-level travel time spent in this place.
 D = Time resting spent in this place.
 E = Time spent auto-exploring this place.
 F = Levels seen in this place.
 G = Mean time per level.
                   A        B        C        D        E       F      G
               +--------+--------+--------+--------+--------+-----+--------+
         Total |   6062 |   5885 |    177 |    606 |   4201 |   8 |  757.8 |
       Dungeon |   6060 |   5884 |    176 |    606 |   4201 |   7 |  865.7 |
        Temple |      1 |      0 |      1 |      0 |      0 |   1 |    1.0 |
               +--------+--------+--------+--------+--------+-----+--------+

Top non-repeatable levels by time:
     D:3: 1324 daAuts
     D:5: 1192 daAuts
     D:2: 1009 daAuts
     D:1: 787 daAuts
     D:4: 674 daAuts
     D:6: 593 daAuts
     D:7: 479 daAuts
  Temple: 1 daAuts
